 Dungeon Crawl Stone Soup version 0.20.1-1-g8b1a95d (webtiles) character file.

106 mopl the Poker (level 5, -6/42 HPs)
             Began as a Formicid Wanderer on Sept 10, 2017.
             Mangled by vatarom's ghost (13 damage)
             ... on level 3 of the Dungeon.
             The game lasted 00:04:33 (3263 turns).

mopl the Poker (Formicid Wanderer)                  Turns: 3263, Time: 00:04:34

Health: -6/42      AC:  3    Str: 17    XL:     5   Next: 10%
Magic:  5/5        EV:  9    Int: 11    God:
Gold:   78         SH:  8    Dex: 11    Spells: 4/4 levels left

rFire    . . .     SeeInvis +   b - +0 spear
rCold    . . .     Gourm    .   a - +0 shield
rNeg     . . .     Faith    .   l - +0 leather armour
rPois    +         Spirit   .   (helmet unavailable)
rElec    .         Reflect  .   (no cloak)
rCorr    .         Harm     .   (no gloves)
MR       .....                  (no boots)
Stlth    ++........             (no amulet)
Regen    0.2/turn               m - ring of poison resistance
MPRegen  0.1/turn               (no ring)

@: no status effects
A: permanent stasis, dig shafts and tunnels, four strong arms, antennae 3
a: Dig, Shaft Self


You were on level 3 of the Dungeon.
You were not hungry.

You visited 1 branch of the dungeon, and saw 3 of its levels.

You collected 78 gold pieces.

Inventory:

Hand Weapons
 b - a +0 spear (weapon)
Missiles
 k - 26 poisoned needles
Armour
 a - a +0 shield (worn)
 l - a +0 leather armour (worn)
Jewellery
 m - a ring of poison resistance (left hand)
Scrolls
 e - 2 scrolls of teleportation {unknown}
 i - 2 scrolls of recharging {unknown}
 o - a scroll of remove curse {unknown}
 p - a scroll of random uselessness {unknown}
 q - 4 scrolls of identify {unknown}
 s - a scroll of noise {unknown}
 u - a scroll of fog {unknown}
Potions
 c - 2 potions of curing
 d - a potion of might {unknown}
 h - a potion of brilliance {unknown}
 j - a potion of lignification {unknown}
 n - 2 potions of cancellation {unknown}
 r - 2 potions of berserk rage {unknown}
Comestibles
 f - a bread ration
 g - 4 fruits
 t - a chunk of flesh


   Skills:
 + Level 3.7 Fighting
   Level 1.0 Long Blades
 - Level 4.0 Polearms
 + Level 2.3 Armour
 - Level 2.4 Stealth
 + Level 3.1 Shields


You had 4 spell levels left.
You didn't know any spells.

Dungeon Overview and Level Annotations

Branches:
Dungeon (3/15)

Altars:
Sif Muna

Shops:
D:3 *

Annotations:
D:3 vatarom's ghost, amateur FoFi


Innate Abilities, Weirdness & Mutations

You cannot be hasted, slowed, berserked, paralysed or teleported.
You can dig through walls and to a lower floor.
Your four strong arms can wield two-handed weapons with a shield.
You have a pair of large antennae on your head. (SInv)


Message History

An adder comes into view.
The adder hisses angrily.
Found 16 gold pieces.
You block the adder's attack.
You barely miss the adder. You block the adder's attack. x2
The adder barely misses you. The adder closely misses you. The adder bites you.
* * * LOW HITPOINT WARNING * * *
The adder bites you.
* * * LOW HITPOINT WARNING * * *
The adder completely misses you. The adder misses you.
The adder bites you but does no damage. The kobold closely misses you.
The kobold barely misses you. You block the adder's attack.
You hit vatarom's ghost.
Vatarom's ghost is lightly damaged.
The kobold barely misses you. The adder closely misses you.
Vatarom's ghost hits you!
You die...

.##.#.# .##.#.# ##
.##.#.# #####. #.#
.##.#.# #.....# ...#
###.#.###.# #.. #..#
###.#.....# #.####..#
...{{..#..# #....#..#
..K..{.#..# #....#..#
####..{#..#####.@S#$.#
# #....#......WKS...#
# #.#.#..######g##.##
####.#.##.#### #.##.#
#....#.......###.##.#
#.#######...........#
#....#....##.###.####
####.#.##........#
####.#)#####.##..#


You could see vatarom's ghost, 2 adders, a hobgoblin and a kobold.

Vanquished Creatures
  2 adders
  2 oozes
  2 worms (D:2)
  6 leopard geckos
  3 orcs (D:3)
  A giant cockroach (D:3)
  7 goblins
  8 hobgoblins
  6 jackals (D:2)
  A ball python (D:1)
  6 bats
  4 frilled lizards
  6 kobolds
  11 rats
65 creatures vanquished.

Notes
Turn   | Place    | Note
-------+----------+-------------------------------------------
     0 | D:1      | mopl the Formicid Wanderer began the quest for the Orb.
     0 | D:1      | mopl set off with: a +0 shield, a +0 spear, a potion of curing, a +0 robe, a +0 dagger, a bread ration
     0 | D:1      | Reached XP level 1. HP: 16/16 MP: 1/1
   228 | D:1      | Reached XP level 2. HP: 19/23 MP: 2/2
   269 | D:1      | HP: 1/23 [hobgoblin/club (7)]
   283 | D:1      | Reached skill level 1 in Armour
   785 | D:1      | Reached XP level 3. HP: 17/28 MP: 3/3
  1372 | D:2      | Reached skill level 3 in Fighting
  1404 | D:2      | Reached skill level 2 in Shields
  1801 | D:2      | Reached XP level 4. HP: 9/35 MP: 4/4
  1847 | D:2      | HP: 1/35 [poisoned by an adder]
  2228 | D:2      | Found a deep blue altar of Sif Muna.
  2523 | D:2      | Reached skill level 2 in Armour
  3176 | D:3      | Reached skill level 3 in Shields
  3176 | D:3      | Reached XP level 5. HP: 39/42 MP: 5/5
  3208 | D:3      | Noticed vatarom's ghost (amateur FoFi)
  3209 | D:3      | Found Gozag's Platinum Reserve.
  3263 | D:3      | Mangled by vatarom's ghost

Skill      XL: |  1  2  3  4 |
---------------+-------------+-----
Armour         | 1 2 |  2.3
Fighting       | 3 |  3.7
Shields        | 2 3 |  3.1
Long Blades    | |  1.0
Polearms       | |  4.0
Stealth        | |  2.4

Action                   |  1- 3 |  4- 6 || total
-------------------------+-------+-------++-------
Melee: Spear             |   161 |   111 ||   272
 Abil: Dig               |     3 |       ||     3
 Stab: Sleeping          |     7 |       ||     7
  Eat: Chunk             |     3 |     5 ||     8
Armor: Robe              |     1 |       ||     1
       Leather armour    |    27 |    22 ||    49
Dodge: Dodged            |    42 |    39 ||    81
Block: Shield            |    34 |    41 ||    75
